 Dungeon Crawl Stone Soup version 0.27-a0-1137-g3ef0f4ec91 (webtiles) character file.

Game seed: 3615195618524843970

6 Zeld the Shield-Bearer (level 1, 0/16 HPs)
             Began as an Octopode Fighter on May 6, 2021.
             Slain by a kobold
             ... wielding a +0 dagger
              (4 damage)
             ... on level 1 of the Dungeon.
             The game lasted 00:00:46 (121 turns).

Zeld the Shield-Bearer (Octopode Fighter)            Turns: 121, Time: 00:00:47

Health: 0/16       AC:  1    Str: 15    XL:     1   Next: 90%
Magic:  1/1        EV: 11    Int: 10    God:
Gold:   0          SH:  8    Dex: 11    Spells: 0/0 levels left

rFire    . . .     SeeInvis .   a - +0 war axe
rCold    . . .     Faith    .   b - +0 kite shield
rNeg     . . .     Spirit   .   (helmet restricted)
rPois    .         Reflect  .   (no amulet)
rElec    .         Harm     .   (no ring)
rCorr    .         Rampage  .   (no ring)
Will     .....                  (no ring)
Stlth    ++........             (no ring)
HPRegen  0.05/turn              (no ring)
MPRegen  0.07/turn              (no ring)
                                (no ring)
                                (no ring)

@: no status effects
A: almost no armour, amphibious, 8 rings, camouflage 1, gelatinous body 1,
(nimble swimmer 1), tentacles
a: no special abilities


You were on level 1 of the Dungeon.
You visited 1 branch of the dungeon, and saw 1 of its levels.

Inventory:

Hand Weapons
 a - a +0 war axe (weapon)
Armour
 b - a +0 kite shield (worn)
Potions
 c - a potion of might


   Skills:
 * Level 3.1 Fighting
 * Level 2.2 Axes
 - Level 3.0 Dodging
 * Level 3.1 Shields


You couldn't memorise any spells.
You didn't know any spells.
Your spell library was empty.

Dungeon Overview and Level Annotations

Branches:
Dungeon (1/15)

Altars:

Shops:
D:1 [


Innate Abilities, Weirdness & Mutations

You cannot wear most types of armour.
You are amphibious.
You can wear up to eight rings at the same time.
Your skin changes colour to match your surroundings (Stealth+).
Your rubbery body absorbs attacks. (AC +1, EV +1)
((You are camouflaged near water. (Stealth+)))
You have tentacles for arms and can constrict up to eight enemies at once.


Message History

You see here a +0 club.
A rat and a giant cockroach come into view.
The giant cockroach moves out of view.
Found 15 poisoned darts.
A jackal comes into view.
The jackal moves out of view.
The giant cockroach closely misses you.
The goblin shouts!
A jackal comes into view.
The giant cockroach closely misses you.
A jackal comes into view.
The jackal barks! x2
A jackal comes into view.
Found 14 stones.
The giant cockroach barely misses you.
You are too injured to fight recklessly!
You barely miss the giant cockroach. Your grab misses the giant cockroach.
The giant cockroach waves its antennae.
You block the giant cockroach's attack. The giant cockroach misses you.
You closely miss the giant cockroach. You grab the giant cockroach.
You constrict the giant cockroach. The giant cockroach misses you.
You block the giant cockroach's attack.
You slash the giant cockroach!
You kill the giant cockroach!
The kobold closely misses you.
A bat comes into view.
Found Morox's Antique Armour Emporium.
There is an entrance to Morox's Antique Armour Emporium here.
The helpless bat fails to defend itself.
You hit the bat.
You kill the bat!
You miss the kobold. The kobold closely misses you.
The jackal barely misses you.
Unknown command.
You completely miss the jackal. Your grab misses the jackal.
You barely miss the kobold. You block the jackal's attack.
The kobold hits you with a +0 dagger.
* * * LOW HITPOINT WARNING * * *
The jackal barely misses you. The kobold hits you with a +0 dagger.
You die...

##.### # ..... #
.r... ## ##.(....
.# ......hh ##.##
........ #...#
.....h.. #...#
..g..... #...#
....... ##@#
..h#### #Kh# ...#
#K##
..g############K#
...h†....K.Kh...#
..###############
..# ... ....


You could see a jackal and 3 kobolds.

Vanquished Creatures
  2 bats (D:1)
  A giant cockroach (D:1)
  A goblin (D:1)
  A frilled lizard (D:1)
5 creatures vanquished.

Notes
Turn   | Place    | Note
-------+----------+-------------------------------------------
     0 | D:1      | Zeld the Octopode Fighter began the quest for the Orb.
     0 | D:1      | Reached XP level 1. HP: 16/16 MP: 1/1
   115 | D:1      | Found Morox's Antique Armour Emporium.
   121 | D:1      | Slain by a kobold

Illustrated notes

Levels and vault maps discovered:
D:1:      roderic_dead_forest, layout_rooms, serial_shops, shop

Action                   || total
-------------------------++-------
Melee: War axe           ||    14
       Constrict         ||     3
       Tentacles         ||     1
 Stab: Sleeping          ||     1
Armor: Skin              ||     2
Dodge: Dodged            ||    14
Block: Kite shield       ||    10

Table legend: (Time is in decaauts)
 A = Elapsed time spent in this place.
 B = Non-inter-level travel time spent in this place.
 C = Inter-level travel time spent in this place.
 D = Time resting spent in this place.
 E = Time spent auto-exploring this place.
 F = Levels seen in this place.
 G = Mean time per level.
                   A        B        C        D        E       F      G
               +--------+--------+--------+--------+--------+-----+--------+
         Total |    129 |    129 |      0 |      0 |     38 |   1 |  129.0 |
       Dungeon |    129 |    129 |      0 |      0 |     38 |   1 |  129.0 |
               +--------+--------+--------+--------+--------+-----+--------+

Top non-repeatable levels by time:
     D:1: 129 daAuts
